 Dungeon Crawl Stone Soup version 0.30.1-4-g462c640d31 (webtiles) character file.

Game seed: 16524242123580518990

126 safid the Chiller (level 5, 0/39 HPs)
             Began as a Merfolk Ice Elementalist on Sept 15, 2023.
             Killed by divine providence
             ... invoked by an orc priest
              (15 damage)
             ... on level 3 of the Dungeon.
             The game lasted 00:02:50 (2206 turns).

safid the Chiller (Merfolk Ice Elementalist)        Turns: 2206, Time: 00:02:51

Health: 0/39       AC:  4    Str:  9    XL:     5   Next: 9%
Magic:  9/9        EV: 12    Int: 16    God:
Gold:   92         SH:  0    Dex: 14    Spells: 6/10 levels left

rFire   . . .        j - +0 hand axe (elec)
rCold   . . .        (no shield)
rNeg    . . .        a - +0 robe
rPois   .            e - +0 helmet
rElec   .            (no cloak)
rCorr   .            n - +0 pair of gloves
SInv    +            (no boots)
Will    .....        (no amulet)
Stlth   ++           i - ring of see invisible
HPRegen 0.26/turn    (no ring)
MPRegen 0.11/turn

%: no passive effects
@: no status effects
A: (nimble swimmer 2), mertail
a: no special abilities


You were on level 3 of the Dungeon.
You visited 1 branch of the dungeon, and saw 3 of its levels.

You collected 92 gold pieces.

Inventory:

Hand Weapons
 j - a +0 hand axe of electrocution (weapon)
Armour
 a - a +0 robe (worn)
 e - a +0 helmet (worn)
 n - a +0 pair of gloves (worn)
Jewellery
 i - a ring of see invisible (left hand)
 o - a +5 ring of evasion
Scrolls
 b - 6 scrolls of identify {unknown}
 c - a scroll of noise {unknown}
 g - 2 scrolls of enchant weapon {unknown}
 h - a scroll of immolation {unknown}
 k - a scroll of fear {unknown}
 p - a scroll of brand weapon {unknown}
 r - a scroll of teleportation {unknown}
Potions
 d - a potion of flight {unknown}
 f - a potion of invisibility {unknown}
 l - a potion of curing
 m - a potion of brilliance
 q - a potion of cancellation


   Skills:
 + Level 2.6 Fighting
 - Level 2.6 Dodging
 - Level 2.1 Stealth
 + Level 3.1 Spellcasting
 + Level 5.3 Ice Magic


You had 6 spell levels left.
You knew the following spells:

 Your Spells              Type           Power      Damage    Failure   Level
a - Freeze                Ice            76%        1d8       1%          1
b - Frozen Ramparts       Ice            38%        1d6       6%          3

Your spell library contained the following spells:

 Spells                   Type           Power      Damage    Failure   Level
 Ozocubu's Armour         Ice            19%        N/A       6%          3
 Beastly Appendage        Tmut           4%         N/A       19%         1
 Wereblood                Tmut           2%         N/A       28%         2
 Spider Form              Tmut/Pois      2%         N/A       50%         3
 Summon Ice Beast         Ice/Summ       11%        N/A       52%         4


Dungeon Overview and Level Annotations

Branches:
Dungeon (3/15)

Altars:


Innate Abilities, Weirdness & Mutations

((You are very nimble when in or above water. (Stealth+, EV+, Speed+++)))
Your lower body shifts to a powerful aquatic tail in water.


Message History

You hit the orc wizard but do no damage.
The orc wizard hits you with a +1 dagger of pain.
You writhe in agony.
The orc wizard hits you with a +1 dagger of pain.
You writhe in agony.
You are too injured to fight recklessly!
You are too injured to fight recklessly!
You are too injured to fight recklessly!
You are too injured to fight recklessly!
You are too injured to fight recklessly!
You are too injured to fight recklessly!
You are too injured to fight recklessly!
You are too injured to fight recklessly!
You are too injured to fight recklessly!
You are too injured to fight recklessly!
You are too injured to fight recklessly!
You are too injured to fight recklessly!
You are too injured to fight recklessly!
Unknown command.
The orc wizard casts a spell.
The orc wizard flickers and vanishes for a moment.
The orc wizard gestures at you while chanting.
You are confused.
You're too confused to move!
The orc wizard hits you but does no damage.
You writhe in agony.
The adder bites you but does no damage. The orc priest closely misses you.
The orc wizard misses you. The adder attacks as you move away!
The adder bites you but does no damage.
The orc priest attacks as you move away!
The orc priest hits you with a +0 trident.
* * * LOW HITPOINT WARNING * * *
The orc priest misses you.
The orc wizard points at you and mumbles some strange words.
The puff of flame hits you!
* * * LOW HITPOINT WARNING * * *
You feel better. The adder closely misses you.
The orc priest invokes the aid of Beogh against you.
Beogh smites you!
You die...

## .. ##....... .....
........# ###.#.## .#
......)... ...... .#
..#......# #.#.####.#..
.........# #........#.#
.........# ##....†...#.#
.........# #.........#.#
........@####....#....#.#
#......So........#....#.#
###....oo.###....#.......
###......## #..<.........
.......o)# #....#####...
.##..#...# #....# ##..
#..#...# #....# ##.
.....^..# #....# #.
##..##..# #....# #.


You could see an orc priest, an orc wizard (invisible), an adder and 2 orcs.

Vanquished Creatures
  Robin (D:2)
  3 adders (D:2)
  A dart slug (D:2)
  6 orcs (D:3)
  4 ball pythons (D:1)
  3 bats
  5 endoplasms
  3 giant cockroaches
  17 goblins
  8 hobgoblins
  5 jackals
  4 kobolds
  2 quokkas (D:2)
  2 frilled lizards (D:3)
  6 rats
70 creatures vanquished.

Notes
Turn   | Place    | Note
-------+----------+-------------------------------------------
     0 | D:1      | safid the Merfolk Ice Elementalist began the quest for the
                  | Orb.
     0 | D:1      | Reached XP level 1. HP: 13/13 MP: 3/3
   142 | D:1      | Reached XP level 2. HP: 10/20 MP: 3/5
   247 | D:1      | Reached skill level 1 in Fighting
   483 | D:1      | Reached XP level 3. HP: 8/26 MP: 3/6
   487 | D:1      | Learned a level 3 spell: Frozen Ramparts
  1310 | D:2      | Reached skill level 5 in Ice Magic
  1317 | D:2      | Reached XP level 4. HP: 17/33 MP: 2/8
  1429 | D:2      | Identified the +0 scale mail of Summertime {rC+ Int+2
                  | Slay+2}
  1560 | D:2      | Noticed Robin
  1578 | D:2      | Killed Robin
  2104 | D:3      | Reached XP level 5. HP: 34/39 MP: 9/9
  2206 | D:3      | Killed from afar by an orc priest

Illustrated notes

Levels and vault maps discovered:
D:1:      dpeg_arrival_round_c, layout_basic
D:2:      layout_rooms, uniq_robin
D:3:      layout_basic, general_overflow_altar

Skill      XL: |  1  2  3  4 |
---------------+-------------+-----
Fighting       | 1 2 |  2.6
Ice Magic      | 5 |  5.3
Spellcasting   | 3 |  3.1
Dodging        | |  2.6
Stealth        | |  2.1

Action                     |  1- 3 |  4- 6 || total
---------------------------+-------+-------++-------
  Melee: Short sword       |    94 |       ||    94
         Hand axe          |     8 |    48 ||    56
   Cast: Freeze            |    24 |    12 ||    36
         Frozen Ramparts   |       |     1 ||     1
    Use: Potion            |     2 |     3 ||     5
   Stab: Sleeping          |     3 |     1 ||     4
 Armour: Robe              |    27 |     9 ||    36
  Dodge: Dodged            |   101 |    34 ||   135
